 Dungeon Crawl Stone Soup version 0.30-a0-304-gdc4b735fe1 (webtiles) character file.

Game seed: 12593967440049564783

163 hyperenough the Chopper (level 5, 0/46 HPs)
             Began as a Hill Orc Fighter on Oct 20, 2022.
             Slain by an ice beast (3 damage)
             ... on level 6 of the Dungeon.
             The game lasted 00:05:38 (1896 turns).

hyperenough the Chopper (Hill Orc Fighter)          Turns: 1896, Time: 00:05:39

Health: 0/46       AC:  9    Str: 21    XL:     5   Next: 44%
Magic:  5/5        EV:  7    Int:  8    God:
Gold:   213        SH:  4    Dex: 10    Spells: 4/4 levels left

rFire   . . .      SeeInvis .    a - +0 war axe
rCold   . . .      Faith    .    c - +0 buckler
rNeg    . . .      Spirit   .    h - +0 chain mail
rPois   .          Reflect  .    (no helmet)
rElec   .          Harm     .    (no cloak)
rCorr   .          Rampage  .    (no gloves)
Will    .....                    (no boots)
Stlth   ..........               (no amulet)
HPRegen 0.27/turn                (no ring)
MPRegen 0.09/turn                (no ring)

@: no status effects
A: no striking features
a: no special abilities


You were on level 6 of the Dungeon.
You visited 1 branch of the dungeon, and saw 5 of its levels.

You collected 213 gold pieces.

Inventory:

Hand Weapons
 a - a +0 war axe (weapon)
Missiles
 l - 6 poisoned darts (quivered)
Armour
 c - a +0 buckler (worn)
 h - a +0 chain mail (worn)
Wands
 p - a wand of iceblast (16)
Scrolls
 e - a scroll of magic mapping {unknown}
 k - a scroll of enchant weapon
 n - a scroll of blinking
 o - a scroll of enchant armour {unknown}
Potions
 d - a potion of might
 f - 2 potions of lignification {unknown}
 g - 3 potions of curing {unknown}
 i - a potion of degeneration {unknown}
 j - 3 potions of attraction {unknown}
 m - a potion of resistance {unknown}
 q - a potion of heal wounds {unknown}
 r - a potion of mutation {unknown}


   Skills:
 + Level 4.1 Fighting
 * Level 5.9 Axes
 + Level 4.0 Armour
 + Level 0.4 Dodging
 + Level 3.5 Shields


You had 4 spell levels left.
You didn't know any spells.
Your spell library contained the following spells:

 Spells                   Type           Power      Damage    Failure   Level
 Freeze                   Ice            0%         1d3       99%         1
 Sting                    Tmut/Pois      0%         1d3       99%         1
 Ensorcelled Hibernation  Hex/Ice        0%         N/A       100%        2
 Poisonous Vapours        Pois/Air       0%         N/A       100%        2
 Frozen Ramparts          Ice            0%         1d1       100%        3
 Hailstorm                Conj/Ice       0%         3d3       100%        3
 Spider Form              Tmut/Pois      0%         N/A       100%        3
 Anguish                  Hex/Necr       0%         N/A       100%        4
 Olgreb's Toxic Radiance  Pois           0%         N/A       100%        4


Dungeon Overview and Level Annotations

Branches:
Dungeon (6/15)
 Temple: D:4-7

Altars:
Gozag

Shops:
D:1 :   D:2 :


Message History

You kill the orc!
You see here a +0 hand axe.
q - an orange potion You now have 213 gold pieces (gained 15).
r - a metallic ruby potion You open the door.
A sky beast comes into view.
Found 11 gold pieces.
You barely miss the sky beast. You block the sky beast's attack.
The sky beast hits you. The sky beast shocks you.
You barely miss the sky beast. The sky beast hits you.
The sky beast shocks you.
You miss the sky beast. The sky beast hits you. The sky beast shocks you.
You slash the sky beast!
The sky beast is moderately wounded.
The sky beast barely misses you.
You hit the sky beast but do no damage.
The sky beast is moderately wounded.
The sky beast hits you. The sky beast shocks you. The sky beast hits you.
* * * LOW HITPOINT WARNING * * *
The sky beast shocks you.
* * * LOW HITPOINT WARNING * * *
As you read the scroll of fear, it crumbles to dust.
You assume a fearsome visage.
The sky beast looks frightened!
There is a stone staircase leading up here.
You climb upwards.
The quokka bites you.
* * * LOW HITPOINT WARNING * * *
The ice beast hits you but does no damage.
The quokka bites you.
* * * LOW HITPOINT WARNING * * *
There is a stone staircase leading down here.
You block the ice beast's attack.
The quokka twitches its whiskers.
You block the quokka's attack.
You climb downwards.
There is a stone staircase leading up here.
You hit the ice beast.
The ice beast is moderately wounded.
You hit the quokka. The quokka barely misses you. The ice beast hits you.
You die...

##+## ##...##
##.....##
##.......##
...####.........#
......'.........+
$..####....)....#
##.......## .#
##.Y@..## .
##..r## ##. ##'##
#.. #.# #.# #.#
#.# ##.## #.#
##...###### #.#
#.........# #.#
##...##.#.# #.#


You could see an ice beast and a quokka.

Vanquished Creatures
  A hound (D:6)
  2 gnolls (D:3)
  4 adders
  A worm (D:2)
  3 dart slugs
  5 orcs
  7 ball pythons
  5 bats
  6 endoplasms
  2 giant cockroaches
  5 goblins
  5 hobgoblins
  4 jackals (D:2)
  3 kobolds
  3 quokkas
  5 frilled lizards
  3 rats
64 creatures vanquished.

Notes
Turn   | Place    | Note
-------+----------+-------------------------------------------
     0 | D:1      | hyperenough the Hill Orc Fighter began the quest for the
                  | Orb.
     0 | D:1      | Reached XP level 1. HP: 19/19 MP: 1/1
   126 | D:1      | Reached XP level 2. HP: 24/27 MP: 2/2
   285 | D:1      | Reached skill level 3 in Axes
   431 | D:1      | Found a faded altar of an unknown god.
   558 | D:1      | Found Xel Anar's Book Boutique.
   568 | D:1      | Reached XP level 3. HP: 33/33 MP: 3/3
   876 | D:2      | Found Ynoycol's Book Shop.
   940 | D:2      | Reached skill level 4 in Axes
   960 | D:2      | Found an opulent altar of Gozag.
  1079 | D:2      | Reached XP level 4. HP: 38/40 MP: 4/4
  1628 | D:3      | Reached skill level 5 in Axes
  1733 | D:3      | Reached XP level 5. HP: 46/46 MP: 5/5
  1805 | D:3      | You fall into a shaft and drop 3 floors!
  1852 | D:5      | Entered Level 5 of the Dungeon
  1852 | D:5      | Noticed an ice beast
  1878 | D:6      | Noticed a sky beast
  1893 | D:5      | HP: 2/46 [quokka (3)]
  1896 | D:6      | Slain by an ice beast

Illustrated notes

Levels and vault maps discovered:
D:1:      scummos_arrival_gate, layout_basic,
          dreamdust_ecumenical_altar_angels_and_demons, serial_shops, shop,
          minmay_domino_2
D:2:      layout_loops_ring, serial_shops, nicolae_diamond_shop, basic_altar,
          minmay_misc_feat_secret_circle
D:3:      layout_loops_ring
D:5:      layout_cave_pods, grunt_gozag_statues
D:6:      layout_loops_corners, nicolae_kikubaaqudgha_miasma_corner

Skill      XL: |  1  2  3  4  5 |
---------------+----------------+-----
Axes           | 3 4 5 |  5.9
Fighting       | 4 |  4.1
Armour         | 4 |  4.0
Dodging        | |  0.4
Shields        | |  3.5

Action                   |  1- 3 |  4- 6 || total
-------------------------+-------+-------++-------
Melee: War axe           |   105 |    77 ||   182
Throw: Dart              |       |     6 ||     6
  Use: Scroll            |     1 |     5 ||     6
Armor: Scale mail        |    23 |       ||    23
       Chain mail        |    47 |    44 ||    91
Dodge: Dodged            |    48 |    40 ||    88
Block: Buckler           |    28 |    19 ||    47

Table legend: (Time is in decaauts)
 A = Elapsed time spent in this place.
 B = Non-inter-level travel time spent in this place.
 C = Inter-level travel time spent in this place.
 D = Time resting spent in this place.
 E = Time spent auto-exploring this place.
 F = Levels seen in this place.
 G = Mean time per level.
                   A        B        C        D        E       F      G
               +--------+--------+--------+--------+--------+-----+--------+
         Total |   1961 |   1904 |     57 |    111 |   1098 |   5 |  392.2 |
       Dungeon |   1961 |   1904 |     57 |    111 |   1098 |   5 |  392.2 |
               +--------+--------+--------+--------+--------+-----+--------+

Top non-repeatable levels by time:
     D:1: 851 daAuts
     D:2: 762 daAuts
     D:3: 253 daAuts
     D:6: 90 daAuts
     D:5: 4 daAuts
